 Dungeon Crawl Stone Soup version 0.31-a0-1178-gc5c9b8f871 (webtiles) character file.

Game seed: 10166226868159094511

2380 ytrimaz the Nimble (level 9, 0/55 HPs)
             Began as a Djinni Conjurer on Dec 11, 2023.
             Was a Follower of Ashenzari.
             Shot with a bolt by an orc warrior (12 damage)
             ... on level 8 of the Dungeon.
             The game lasted 00:12:51 (8907 turns).

ytrimaz the Nimble (Djinni Conjurer)                Turns: 8907, Time: 00:12:52

Health: 0/55       AC:  2    Str:  6    XL:     9   Next: 73%
Gold:   517        EV: 16    Int: 24    God:    Ashenzari [*.....] SH:  0 Dex: 12

rFire   + + .        e - +9 whip of the Esoteric Lethargy {heavy, ^Fragile rElec rN++ rCorr, Comp, Cun} (curse)
rCold   x . .        (no shield)
rNeg    + + .        a - +0 robe "Adversity of Ashenzari" {Fort, Dev} (curse) rPois โˆž
                     (no helmet)
rElec   +            (no cloak)
rCorr   +            (no gloves)
SInv    .            (boots unavailable)
Will    .....        (no amulet)
Stlth   +++          (no ring)
HPRegen 0.29/turn    (no ring)
MPRegen 0.00/turn

%: infuse magic (-1 HP)
@: flying
A: sickness immunity, fire resistance 2, cold vulnerability 1, float, innate
caster, HP casting, extra vitality 1
a: Renounce Religion, Curse Item, Shatter the Chains


You were on level 8 of the Dungeon.
You worshipped Ashenzari.
Ashenzari was aware of your devotion.
You visited 2 branches of the dungeon, and saw 9 of its levels.
You also visited: Sewer.

You collected 517 gold pieces.


Innate Abilities, Weirdness & Mutations

You are immune to sickness and miasma.
You are immune to poison.
Your flesh is very heat resistant. (rF++)
You are vulnerable to cold. (rC-)
You float through the air rather than walking.
You learn spells naturally, not from books.
Your magical power is your life essence.
You have superior vitality. (+4 MHP)


   Skills:
 + Level 8.9(9.7) Dodging
 - Level 6.0(6.7) Stealth
 + Level 6.4 Spellcasting
 + Level 6.4 Conjurations
 + Level 6.4 Hexes
 + Level 6.4(7.2) Summonings
 + Level 6.4(7.2) Necromancy
 + Level 6.4 Translocations
 + Level 6.4 Transmutations
 + Level 6.4 Fire Magic
 + Level 6.4 Ice Magic
 + Level 6.4 Air Magic
 + Level 6.4 Earth Magic
 + Level 6.4 Poison Magic


You knew the following spells:

 Your Spells              Type           Power      Damage    Failure   Level
a - Magic Dart            Conj           100%       1d8       1%          1
b - Searing Ray           Conj           76%        2d7       1%          2
c - Call Canine Familiar  Summ           42%        N/A       1%          3
d - Fulminant Prism       Conj/Hex       19%        3d10      5%          4
e - Iskenderun's Mystic   Conj/Tloc      38%        2d9       5%          4
f - Dazzling Flash        Conj/Hex       76%        N/A       1%          3
g - Call Imp              Summ           84%        N/A       1%          2
h - Sandblast             Erth           76%        2d16      1%          1
i - Dimensional Bullseye  Hex/Tloc       19%        N/A       5%          4
Your spell library was empty.

Inventory:

Hand Weapons
 e - the cursed +9 whip of the Esoteric Lethargy (weapon) {heavy, ^Fragile rElec rN++ rCorr, Comp, Cun}
   (You found it on level 7 of the Dungeon)

   rElec:     It insulates you from electricity.
   rN++:      It greatly protects you from negative energy.
   rCorr:     It protects you from acid and corrosion.
   ^Fragile:  It will be destroyed if unequipped.
   It has a curse which improves the following skills: Companions: Summonings
   and Necromancy.
   Cunning:   Dodging and Stealth.
Missiles
 p - 2 throwing nets
Armour
 a - the cursed +0 robe "Adversity of Ashenzari" (worn) {Fort, Dev}

   It has a curse which improves the following skills: Fortitude: Armour and
   Shields.
   Devices:   Evocations and Shapeshifting.
Wands
 o - a wand of polymorph (24)
   (You took it off Ijyb on level 3 of the Dungeon)
 v - a wand of light (9)
   (You found it on level 6 of the Dungeon)
Scrolls
 f - a scroll of silence
 h - a scroll of enchant weapon
 k - a scroll of amnesia
 l - a scroll of immolation
 m - a scroll of teleportation
 n - 3 scrolls of fog
 r - 2 scrolls of blinking
 s - 2 scrolls of butterflies
 w - a scroll of vulnerability
 x - a scroll of fear
 y - a scroll of enchant armour
 z - 3 scrolls of noise
Potions
 b - a potion of cancellation
 c - 3 potions of haste
 d - a potion of resistance
 g - 3 potions of attraction
 i - 3 potions of degeneration
 j - 4 potions of curing
 q - a potion of lignification
 t - a potion of ambrosia
 u - 2 potions of heal wounds
 A - a potion of enlightenment

Dungeon Overview and Level Annotations

Branches:
Dungeon (8/15) Zot: 26228  Temple (1/1) D:4 Zot: 5901   Sewer (visited)
   Lair: D:8-11

Altars:
Ashenzari
Cheibriados
Dithmenos
Elyvilon
Fedhas
Gozag
Hepliaklqana
Makhleb
Nemelex Xobeh
Okawaru
Qazlal
Ru
Trog
Uskayaw
Wu Jian
Yredelemnul
Zin
The Shining One

Shops:
D:4 *

Annotations:
D:7 2 runed translucent doors, ChaoticPyre's ghost, novice DsGl; Crazy Yiuf

... ... ......~.... ...
... ........... _. ...
........... P.#.#
###........ .#.###
#........ ....# #.......#
. #.#.## #.......#
.ooY#####)#..####.......)
?.YYYoยง.@................
o.oY#####h..............)
. ####)######...#..
#...####...#..
############...##...#..
#..........###.#####...
#.....)....# #.# #.....
#..~~~.....# #.###.####
#..~โ‰ˆ~.....# #.....# ..


You could see 5 yaks, 2 orc warriors, 2 orcs and a friendly wolf (summoned).


Message History

Your hp is fully restored (55).
You reach down and open the door.
There is an open door here.
Key pressed, stopping explore.
c - 3 potions of haste (gained 1) Key pressed, stopping explore.
You reach down and open the door.
There is an open door here.
There is an open door here.
Key pressed, stopping explore.
There is a stone staircase leading up here.
Key pressed, stopping explore.
An orc comes into view. It is wielding a +0 dagger.
The orc moves out of view.
An orc comes into view.
It is wielding a +2 dagger of protection.
An orc is nearby!
Unknown command.
The orc shouts!
You hear a shout! x2; You hear a bellow! x2
Casting: Searing Ray (safe; 1% risk of failure)
Confirm with . or Enter, or press ? or * to list all spells.
Aiming: Searing Ray (safe; 1% risk of failure)
Press: ? - help, Shift-Dir - straight line, f - orc
Aim: an orc, wielding a +2 dagger of protection and wearing a +0 ring mail (83% to hit)
The searing ray hits the orc. (Press . to maintain the ray.) ๐Ÿ˜• HP[-2]
You take 2 damage, and now have 53/55 hp.
The searing ray hits the orc!
You kill the orc!
The searing ray hits the orc!
You kill the orc! ๐Ÿ˜• HP[-1]
You take 1 damage, and now have 52/55 hp.
Unknown command.
Things that are here:
a +2 dagger of protection; a +0 ring mail ๐Ÿ˜Ž HP[+3]
Your hp is fully restored (55).
Unknown command.
An orc comes into view. It is wielding a +0 hand axe.
Found a basalt altar of Yredelemnul.
The orc moves out of view.
A yak comes into view. x2
The yak moves out of view.
Things that are here:
a +0 dagger; a +0 ring mail A yak is nearby!
A yak and an orc warrior come into view.
A yak comes into view.
An orc comes into view. It is wielding a +0 trident.
The orc shouts!
A yak comes into view.
The orc moves out of view.
An orc warrior comes into view. It is wielding a +0 long sword.
Casting: Searing Ray (safe; 1% risk of failure)
Confirm with . or Enter, or press ? or * to list all spells.
The orc warrior shouts!
You hear a bellow!
The orc warrior unwields a +0 short sword.
The orc warrior wields a +0 arbalest.
The orc warrior shoots a bolt.
The bolt hits you! ๐Ÿ˜• HP[-12]
You take 12 damage, and now have 43/55 hp.
MASSIVE DAMAGE!! (PAUSE)
Casting: Call Canine Familiar (safe; 1% risk of failure)
Confirm with . or Enter, or press ? or * to list all spells.
Aiming: Searing Ray (safe; 1% risk of failure)
Press: ? - help, Shift-Dir - straight line, f - orc warrior
Aim: an orc warrior, wielding a +0 arbalest and wearing a +0 chain mail (ally target, 78% to hit)
The searing ray hits the orc warrior but does no damage.
The searing ray hits the yak. (Press . to maintain the ray.)
The orc warrior shoots a bolt.
The bolt hits you!
You hear a shout! ๐Ÿ˜ฎ HP[-11]
You take 11 damage, and now have 32/55 hp.
The searing ray misses the orc warrior.
The searing ray hits the yak!
A yak comes into view.
The searing ray hits the orc warrior.
The searing ray hits the yak!
The orc warrior shoots a bolt.
The bolt hits you!
* * * LOW HITPOINT WARNING * * *
The yak bellows! ๐Ÿ˜จ HP[-18]
You take 18 damage, and now have 14/55 hp.
MASSIVE DAMAGE!! (PAUSE) Unknown command.
You swap places.
The orc warrior unwields a +0 arbalest.
The orc warrior wields a +0 short sword.
The orc warrior hits your hound with a +0 short sword!
Your hound barely misses the orc warrior.
Unknown command.
The orc warrior unwields a +0 short sword.
The orc warrior wields a +0 arbalest.
The orc warrior shoots a bolt.
The bolt barely misses your hound. The bolt completely misses you.
Your hound bites the orc warrior. ๐Ÿ˜จ HP[+1]
Casting: Searing Ray (safe; 1% risk of failure)
Confirm with . or Enter, or press ? or * to list all spells.
* * * LOW HITPOINT WARNING * * *
Your hound disappears in a puff of smoke!
The orc warrior shoots a bolt.
The bolt hits you!
You die...

Skill      XL: |  1  2  3  4  5  6  7  8  9 |
---------------+----------------------------+-----
Stealth        | 2 3 5 6 |  6.0
Dodging        | 3 4 6 7 8 |  8.9
Spellcasting   | 4 5 6 |  6.4
Conjurations   | 4 5 6 |  6.4
Hexes          | 4 5 6 |  6.4
Summonings     | 4 5 6 |  6.4
Necromancy     | 4 5 6 |  6.4
Translocations | 4 5 6 |  6.4
Transmutations | 4 5 6 |  6.4
Fire Magic     | 4 5 6 |  6.4
Ice Magic      | 4 5 6 |  6.4
Air Magic      | 4 5 6 |  6.4
Earth Magic    | 4 5 6 |  6.4
Poison Magic   | 4 5 6 |  6.4

Action                     |  1- 3 |  4- 6 |  7- 9 || total
---------------------------+-------+-------+-------++-------
  Melee: Unarmed           |       |    12 |     6 ||    18
         Whip              |       |       |     6 ||     6
   Cast: Magic Dart        |    56 |    51 |    76 ||   183
         Sandblast         |     3 |       |       ||     3
         Searing Ray       |       |    22 |    73 ||    95
         Call Imp          |       |     6 |       ||     6
         Dazzling Flash    |       |     1 |       ||     1
         Call Canine Famil |       |       |    28 ||    28
         Fulminant Prism   |       |       |     1 ||     1
         Dimensional Bulls |       |       |     1 ||     1
 Invoke: Curse Item        |       |     1 |     1 ||     2
    Use: Potion            |     1 |       |       ||     1
         Scroll            |       |       |    11 ||    11
 Armour: Robe              |    10 |    19 |    87 ||   116
         Skin              |       |     4 |       ||     4
  Dodge: Dodged            |     4 |    27 |    97 ||   128

Levels and vault maps discovered:
D:1:      nicolae_arrival_somewhat_less_tricky_arrival, layout_basic
D:2:      layout_basic, hex_medium
D:3:      layout_loops_cross, tso_metal_star, slow_altar_1,
          nicolae_uskayaw_suspiria, makhleb_altar_promises_db,
          minmay_door_square, uniq_ijyb, uniq_terence, uniq_robin
D:4:      layout_basic, amcnicky_altar_gilded, nicolae_ru_the_path_less_chosen,
          mainiacjoe_overflow_paths, minmay_temple_entry_mist,
          dk_noncrumbling_4, nicolae_elemental_shop
D:5:      layout_basic, mainiacjoe_overflow_cross_hatched,
          hangedman_abyss_or_decor_stagger, uniq_prince_ribbit1
D:6:      layout_gridville, gup_sewer_entry_bubbles, uniq_eustachio
D:7:      layout_basic, ebering_ghost_inner_flame, kennysheep_cross_bottleneck,
          uniq_crazy_yiuf_cottage
D:8:      layout_basic, yredelemnul_altar_generic, lemuel_tele_altar
Temple:   compressed_dpeg_circular_temple

Notes
Turn   | Place    | Note
-------+----------+-------------------------------------------
     0 | D:1      | ytrimaz the Djinni Conjurer began the quest for the Orb.
     0 | D:1      | ytrimaz set off with the following spells memorised: Magic
                  | Dart, Searing Ray, Dazzling Flash, Fulminant Prism,
                  | Iskenderun's Mystic Blast.
     0 | D:1      | Reached XP level 1. HP: 15/15 MP: 0/0
     0 | D:1      | magus.rc [v1.9.6]
   262 | D:1      | Reached XP level 2. HP: 19/21 MP: 0/0
   617 | D:2      | Reached skill level 2 in Stealth
   618 | D:2      | Reached XP level 3. HP: 17/25 MP: 0/0
   618 | D:2      | Learned a level 1 spell: Sandblast
   935 | D:2      | Reached skill level 3 in Dodging
  1075 | D:3      | Noticed Robin
  1084 | D:3      | HP: 2/25 [goblin/+0 dagger[Robin] (6)]
  1086 | D:3      | Found a glowing golden altar of the Shining One.
  1091 | D:3      | Noticed Ijyb
  1389 | D:3      | Reached XP level 4. HP: 27/31 MP: 0/0
  1416 | D:3      | Killed Robin
  1448 | D:3      | Found a burning altar of Makhleb.
  1448 | D:3      | Noticed a balrug
  1604 | D:3      | Killed Ijyb
  1605 | D:3      | Reached XP level 5. HP: 19/35 MP: 0/0
  1605 | D:3      | Learned a level 2 spell: Call Imp
  1815 | D:3      | Found a hide-covered altar of Uskayaw.
  1879 | D:3      | Found a snail-covered altar of Cheibriados.
  1945 | D:3      | Noticed Terence
  1952 | D:3      | Killed Terence
  1953 | D:3      | Reached skill level 3 in Stealth
  2368 | D:4      | Noticed a black bear
  2377 | D:4      | Killed a black bear
  2378 | D:4      | Reached skill level 4 in Dodging
  2378 | D:4      | Reached skill level 4 in Spellcasting
  2378 | D:4      | Reached skill level 4 in Conjurations
  2378 | D:4      | Reached skill level 4 in Hexes
  2378 | D:4      | Reached skill level 4 in Summonings
  2378 | D:4      | Reached skill level 4 in Necromancy
  2378 | D:4      | Reached skill level 4 in Translocations
  2378 | D:4      | Reached skill level 4 in Transmutations
  2378 | D:4      | Reached skill level 4 in Fire Magic
  2378 | D:4      | Reached skill level 4 in Ice Magic
  2378 | D:4      | Reached skill level 4 in Air Magic
  2378 | D:4      | Reached skill level 4 in Earth Magic
  2378 | D:4      | Reached skill level 4 in Poison Magic
  2378 | D:4      | Reached XP level 6. HP: 9/40 MP: 0/0
  2500 | D:4      | Found a staircase to the Ecumenical Temple.
  2639 | Temple   | Entered the Ecumenical Temple
  2721 | Temple   | Became a worshipper of Ashenzari the Shackled
  3104 | D:4      | Found Nuunun Gon's Elemental Accessories.
  3152 | D:4      | Found a glowing silver altar of Zin.
  3280 | D:4      | Found an opulent altar of Gozag.
  3370 | D:4      | Found a sacrificial altar of Ru.
  3526 | D:5      | Entered Level 5 of the Dungeon
  3613 | D:5      | HP: 3/40 [iguana (7)]
  3908 | D:5      | Noticed an ice beast
  3929 | D:5      | Killed an ice beast
  3930 | D:5      | Reached XP level 7. HP: 37/45 MP: 0/0
  3930 | D:5      | Learned a level 3 spell: Call Canine Familiar
  3988 | D:5      | Reached skill level 5 in Dodging
  3988 | D:5      | Reached skill level 4 in Stealth
  4273 | D:5      | Noticed Prince Ribbit
  4281 | D:5      | HP: 9/45 [Prince Ribbit (16)]
  4297 | D:5      | Killed Prince Ribbit
  4298 | D:5      | Reached skill level 6 in Dodging
  4298 | D:5      | Reached skill level 5 in Stealth
  4298 | D:5      | Reached XP level 8. HP: 9/50 MP: 0/0
  4731 | D:5      | Reached skill level 5 in Spellcasting
  4731 | D:5      | Reached skill level 5 in Conjurations
  4731 | D:5      | Reached skill level 5 in Hexes
  4731 | D:5      | Reached skill level 5 in Summonings
  4731 | D:5      | Reached skill level 5 in Necromancy
  4731 | D:5      | Reached skill level 5 in Translocations
  4731 | D:5      | Reached skill level 5 in Transmutations
  4731 | D:5      | Reached skill level 5 in Fire Magic
  4731 | D:5      | Reached skill level 5 in Ice Magic
  4731 | D:5      | Reached skill level 5 in Air Magic
  4731 | D:5      | Reached skill level 5 in Earth Magic
  4731 | D:5      | Reached skill level 5 in Poison Magic
  4823 | D:5      | Found a bloodstained altar of Trog.
  5552 | D:6      | Reached skill level 7 in Dodging
  5555 | D:6      | Found a glowing drain.
  5562 | Sewer    | Entered a sewer
  5821 | Sewer    | Reached XP level 9. HP: 37/55 MP: 0/0
  5821 | Sewer    | Learned a level 4 spell: Dimensional Bullseye
  5995 | Sewer    | Reached skill level 6 in Stealth
  6494 | D:6      | Noticed Eustachio
  6513 | D:6      | Killed Eustachio
  7076 | D:7      | Found a runed translucent door.
  7077 | D:7      | Noticed Crazy Yiuf
  7209 | D:7      | Reached skill level 8 in Dodging
  7349 | D:7      | Found a runed translucent door.
  7350 | D:7      | Noticed ChaoticPyre's ghost (novice DsGl)
  7405 | D:7      | HP: 11/55 [orc warrior/+0 scimitar (14)]
  7518 | D:7      | Identified the +9 whip "Qeimmoon" {heavy, ^Fragile rElec
                  | rN++ rCorr}
  7521 | D:7      | Reached * piety under Ashenzari
  8125 | D:7      | Identified the +4 rapier of Ambiguity {heavy, rPois Will+}
  8166 | D:8      | Reached skill level 6 in Spellcasting
  8166 | D:8      | Reached skill level 6 in Conjurations
  8166 | D:8      | Reached skill level 6 in Hexes
  8166 | D:8      | Reached skill level 6 in Summonings
  8166 | D:8      | Reached skill level 6 in Necromancy
  8166 | D:8      | Reached skill level 6 in Translocations
  8166 | D:8      | Reached skill level 6 in Transmutations
  8166 | D:8      | Reached skill level 6 in Fire Magic
  8166 | D:8      | Reached skill level 6 in Ice Magic
  8166 | D:8      | Reached skill level 6 in Air Magic
  8166 | D:8      | Reached skill level 6 in Earth Magic
  8166 | D:8      | Reached skill level 6 in Poison Magic
  8408 | D:8      | Found an ornate altar of the Wu Jian Council.
  8432 | D:8      | HP: 13/55 [orc wizard/+0 dagger of venom (1)]
  8897 | D:8      | Found a basalt altar of Yredelemnul.
  8907 | D:8      | Shot with a bolt by an orc warrior

Vanquished Creatures
  Eustachio (D:6)
  2 orc warriors
  An ice beast (D:5)
  A sky beast (D:6)
  2 black bears
  An ogre (D:5)
  2 bullfrogs
  A gnoll sergeant (D:8)
  2 scorpions (D:6)
  3 hounds
  An orc priest (D:8)
  A sleepcap (D:7)
  An iguana (D:5)
  Ijyb (D:3)
  2 orc wizards (D:8)
  Terence (D:3)
  Robin (D:3)
  2 gnolls (D:8)
  10 adders
  A river rat (D:6)
  2 shadow imps
  2 worms
  2 dart slugs (D:4)
  12 orcs
  3 bats
  4 endoplasms (D:4)
  7 giant cockroaches
  5 hobgoblins
  3 quokkas
  14 ball pythons
  9 frilled lizards
  11 goblins
  4 kobolds
  4 rats
119 creatures vanquished.

Vanquished Creatures (collateral kills)
  Prince Ribbit (D:5)
  2 ogres (D:5)
  A black bear (D:5)
  A bullfrog (D:8)
  A scorpion (D:6)
  2 hounds (D:5)
  An iguana (D:5)
  2 orc wizards (D:8)
  3 gnolls (D:8)
  2 adders (D:5)
  A river rat (D:6)
  A worm (D:6)
  2 orcs (D:8)
  4 jackals
24 creatures vanquished.

Vanquished Creatures (others)
  A fulminant prism (D:6)
1 creature vanquished.

Grand Total: 144 creatures vanquished

Table legend:
 A = Non-vault XP
 B = Vault XP
 C = Vault XP percentage of total XP
 D = Non-vault monster count
 E = Vault monster count
 F = Vault count percentage of total count
                 A         B        C        D         E       F
            +---------+---------+-------+---------+---------+-------
      Total |    2599 |     801 |  23.6 |      97 |      46 |  32.2
            +---------+---------+-------+---------+---------+-------
        D:1 |      15 |       0 |   0.0 |      10 |       0 |   0.0
        D:2 |      43 |       0 |   0.0 |      11 |       0 |   0.0
        D:3 |      25 |     109 |  81.3 |       8 |      15 |  65.2
        D:4 |     170 |       0 |   0.0 |      16 |       0 |   0.0
        D:5 |     878 |     277 |  24.0 |      16 |       1 |   5.9
        D:6 |     542 |     244 |  31.0 |       8 |       7 |  46.7
        D:7 |     243 |       0 |   0.0 |       7 |       0 |   0.0
        D:8 |     683 |       0 |   0.0 |      21 |       0 |   0.0
      Sewer |       0 |     171 | 100.0 |       0 |      23 | 100.0
            +---------+---------+-------+---------+---------+-------

Skill      XL: |  1  2  3  4  5  6  7  8  9 |
---------------+----------------------------+-----
Stealth        | 2 3 5 6 |  6.0
Dodging        | 3 4 6 7 8 |  8.9
Spellcasting   | 4 5 6 |  6.4
Conjurations   | 4 5 6 |  6.4
Hexes          | 4 5 6 |  6.4
Summonings     | 4 5 6 |  6.4
Necromancy     | 4 5 6 |  6.4
Translocations | 4 5 6 |  6.4
Transmutations | 4 5 6 |  6.4
Fire Magic     | 4 5 6 |  6.4
Ice Magic      | 4 5 6 |  6.4
Air Magic      | 4 5 6 |  6.4
Earth Magic    | 4 5 6 |  6.4
Poison Magic   | 4 5 6 |  6.4

Action                     |  1- 3 |  4- 6 |  7- 9 || total
---------------------------+-------+-------+-------++-------
  Melee: Unarmed           |       |    12 |     6 ||    18
         Whip              |       |       |     6 ||     6
   Cast: Magic Dart        |    56 |    51 |    76 ||   183
         Sandblast         |     3 |       |       ||     3
         Searing Ray       |       |    22 |    73 ||    95
         Call Imp          |       |     6 |       ||     6
         Dazzling Flash    |       |     1 |       ||     1
         Call Canine Famil |       |       |    28 ||    28
         Fulminant Prism   |       |       |     1 ||     1
         Dimensional Bulls |       |       |     1 ||     1
 Invoke: Curse Item        |       |     1 |     1 ||     2
    Use: Potion            |     1 |       |       ||     1
         Scroll            |       |       |    11 ||    11
 Armour: Robe              |    10 |    19 |    87 ||   116
         Skin              |       |     4 |       ||     4
  Dodge: Dodged            |     4 |    27 |    97 ||   128

Illustrated notes

Table legend:
 A = Kills in this place as a percentage of kills in the entire game.
 B = Kills by you in this place as a percentage of kills by you in the entire game.
 C = Kills by friends in this place as a percentage of kills by friends in the entire game.
 D = Other kills in this place as a percentage of other kills in the entire game.
 E = Experience gained in this place as a percentage of experience gained in the entire game.
 F = Experience gained in this place divided by the number of levels of this place that you have seen.
                   A       B       C       D       E      F
               +-------+-------+-------+-------+-------+----------------------
         Total | 100.0 | 100.0 | 100.0 |   N/A | 100.0 | 340.0
       Dungeon |  83.9 |  80.7 | 100.0 |   N/A |  95.0 | 403.6
         Sewer |  16.1 |  19.3 |   0.0 |   N/A |   5.0 | 171.0
               +-------+-------+-------+-------+-------+----------------------

Table legend: (Time is in decaauts)
 A = Elapsed time spent in this place.
 B = Non-inter-level travel time spent in this place.
 C = Inter-level travel time spent in this place.
 D = Time resting spent in this place.
 E = Time spent auto-exploring this place.
 F = Levels seen in this place.
 G = Mean time per level.
                   A        B        C        D        E       F      G
               +--------+--------+--------+--------+--------+-----+--------+
         Total |   8868 |   8644 |    224 |    620 |   6796 |  10 |  886.8 |
       Dungeon |   8280 |   8083 |    197 |    620 |   6410 |   8 | 1035.0 |
        Temple |     98 |     71 |     27 |      0 |      0 |   1 |   98.0 |
         Sewer |    488 |    488 |      0 |      0 |    386 |   1 |  488.0 |
               +--------+--------+--------+--------+--------+-----+--------+

Top non-repeatable levels by time:
     D:5: 1693 daAuts
     D:6: 1307 daAuts
     D:7: 1122 daAuts
     D:4: 1089 daAuts
     D:3: 927 daAuts
     D:2: 797 daAuts
     D:8: 770 daAuts
     D:1: 573 daAuts
   Sewer: 488 daAuts
  Temple: 98 daAuts
